Inferno vs Mustangs
Created - October 15, 2018 at 22:44
Goals
|
| Inferno |
2 |
3 |
0 |
5 |
| Mustangs |
0 |
4 |
0 |
4 |
|
Shots
|
| Inferno |
8 |
21 |
10 |
39 |
| Mustangs |
11 |
14 |
5 |
30 |
|
1st period
1. Inferno , Oliver Bjorkstrand 1 (Colby Robak 1, Philip Varone 2) at 4:38
2. Inferno , Bryan Rust 3 (Anders Lee 2, Matt Kassian 2) at 10:00
Penalties :
Andreas Athanasiou (Ham) for Roughing (Minor) at 0:13, Jerome Samson (Ham) for Hooking (Minor) at 14:00, Greg Pateryn (Anc) for High sticking (Minor) at 0:00
2nd period
3. Inferno , Kyle Palmieri 1 (Mathieu Brodeur 3, Colby Robak 2) at 4:29
4. Inferno , Matt Kassian 1 (Colby Robak 3, David Savard 1) at 4:39
5. Inferno , Colby Robak 1 (Greg Pateryn 1, Matthew Nieto 1) at 6:16 (PP)
6. Mustangs , Tomas Tatar 1 (Andrew Shaw 1, Alexei Marchenko 1) at 10:45 (PP)
7. Mustangs , Derek Joslin 1 (Curtis Hamilton 1) at 11:51
8. Mustangs , Joshua Leivo 1 (Derek Joslin 1, Scott Mayfield 1) at 12:29 (PP)
9. Mustangs , Tomas Tatar 2 (Andrew Shaw 2, Andreas Athanasiou 1) at 12:59 (PP)
Penalties :
Tomas Tatar (Ham) for Holding (Minor) at 4:42, Mathieu Brodeur (Anc) for Slashing (Minor) at 10:29, Kyle Palmieri (Anc) for High sticking (Minor) at 11:54, Kyle Palmieri (Anc) for Hooking (Minor) at 12:34, Colby Robak (Anc) for Roughing (Minor) at 14:56
3rd period
No Goal
Penalties :
No Penalty
Goalie Stats
Christopher Gibson (Anc), 26 saves from 30 shots - (0.867), W, 2-0-0, 60:00 minutes
Eric Comrie (Ham), 22 saves from 23 shots - (0.957), L, 0-1-0, 34:13 minutes
Chet Pickard (Ham), 12 saves from 16 shots - (0.750), 24:39 minutes
Players Stats for Inferno
Player Name G A P +/- PIM S H SB GA TA FO MP PP MP PK MP
------------------------------------------------------------------------------------
Anders Lee 0 1 1 1 0 1 1 1 2 1 6/14 15:53 2:36 0:19
Bryan Rust 1 0 1 1 0 1 0 2 0 1 0/1 20:31 2:56 3:27
Christian Folin 0 0 0 2 0 2 0 0 1 0 0/0 17:45 2:56 0:14
Colby Robak 1 3 4 1 2 9 1 0 0 1 0/0 24:23 2:36 2:16
David Savard 0 1 1 1 0 2 4 3 1 1 0/0 24:51 0:00 3:28
Esa Lindell 0 0 0 0 0 2 0 0 0 1 0/0 17:04 2:56 1:21
Greg Pateryn 0 1 1 0 2 0 2 1 0 0 0/0 17:29 2:36 1:13
Kyle Palmieri 1 0 1 1 4 6 1 4 2 0 1/4 19:25 2:36 0:00
Mathieu Brodeur 0 1 1 2 2 2 0 2 0 0 0/0 18:31 0:00 1:58
Matt Kassian 1 1 2 1 0 3 1 0 0 0 1/1 15:43 0:00 1:29
Matthew Nieto 0 1 1 0 0 0 3 1 0 0 1/2 14:44 2:56 0:39
Oliver Bjorkstrand 1 0 1 1 0 1 0 0 0 0 0/0 6:59 0:00 0:00
Philip Varone 0 1 1 1 0 2 4 0 0 0 1/3 8:13 0:00 1:09
Ryan Spooner 0 0 0 1 0 0 0 1 0 0 0/0 6:59 0:00 0:00
Tanner Pearson 0 0 0 1 0 4 1 1 1 2 3/4 19:27 2:36 0:00
Tyler Shattock 0 0 0 0 0 0 1 0 0 0 0/0 11:10 0:00 0:00
Victor Rask 0 0 0 0 0 2 1 0 0 1 2/5 14:05 2:56 0:00
Vladimir Sobotka 0 0 0 1 0 2 0 1 1 1 14/27 21:29 0:00 3:27
Players Stats for Mustangs
Player Name G A P +/- PIM S H SB GA TA FO MP PP MP PK MP
------------------------------------------------------------------------------------
Alexei Marchenko 0 1 1 -2 0 2 1 2 0 0 0/0 25:22 1:41 3:13
Andreas Athanasiou 0 1 1 -1 2 0 2 2 0 0 20/40 19:47 3:04 0:59
Andrew Shaw 0 2 2 -1 0 4 2 1 1 1 0/1 20:21 3:14 1:15
Ben Harpur 0 0 0 -1 0 1 3 2 0 1 0/0 21:02 0:00 0:00
Curtis Hamilton 0 1 1 1 0 1 0 0 0 0 0/0 7:54 0:01 0:17
Derek Joslin 1 1 2 1 0 5 1 5 2 3 0/0 29:55 3:46 3:53
Eric Knodel 0 0 0 -1 0 0 0 1 0 1 0/0 12:34 0:26 0:00
Francis Paré 0 0 0 -2 0 3 0 0 1 0 0/0 12:26 0:00 0:00
Jerome Samson 0 0 0 -1 2 0 2 0 0 0 0/0 15:38 2:00 0:00
Jim O'Brien 0 0 0 -1 0 2 0 0 2 0 8/13 19:03 2:01 3:29
Joshua Leivo 1 0 1 -1 0 2 0 0 0 0 0/0 17:27 2:00 1:48
JT Compher 0 0 0 -2 0 2 1 0 1 0 0/0 12:26 0:00 0:00
Kurtis Gabriel 0 0 0 1 0 0 0 0 0 1 0/0 7:37 0:01 0:00
Mark Pysyk 0 0 0 0 0 1 0 1 0 0 0/0 9:11 0:45 2:19
Michael McCarron 0 0 0 1 0 0 0 0 0 0 0/1 7:35 0:00 0:06
Nicolas Petan 0 0 0 -2 0 3 0 0 0 1 4/6 13:34 0:10 0:58
Scott Mayfield 0 1 1 -3 0 0 0 0 0 0 0/0 21:33 3:52 1:39
Tomas Tatar 2 0 2 -1 2 4 1 0 2 0 0/0 21:00 3:14 2:12
3 Stars
1 - Colby Robak (Anc)
2 - Derek Joslin (Ham)
3 - Matt Kassian (Anc)
Power Play
Inferno - 1 on 3 Attempt(s) - 33.33%
Mustangs - 3 on 5 Attempt(s) - 60.00%
Penalty Kill
Inferno - 2 on 5 Attempt(s) - 40.00%
- Score 0 goal in Penalty Kill
Mustangs - 2 on 3 Attempt(s) - 66.67%
- Score 0 goal in Penalty Kill
Team Stat
Inferno - Hits : 20 - Faceoff Wins : 29 - Blocked Shots : 17 - Penalty Minutes : 10
Mustangs - Hits : 13 - Faceoff Wins : 32 - Blocked Shots : 14 - Penalty Minutes : 6
Official
Referees : Unknown
Linesman : Unknown
Game Notes
Mark Pysyk is injured at 1:23 of 2nd period (Right Hand)
Eric Comrie enters game at 4:39 of 2nd period
Finance
Level 1 -- Attendance: 1551 (77.55%) -- Ticket Income $62,040
Level 2 -- Attendance: 707 (70.70%) -- Ticket Income $14,140
Total Attendance: 2258 (75.27%)
Total Ticket Income: $76,180
Other Income: $3,809
Total Income: $79,989
Inferno
5 vs 5 Forward
Center Left Wing Right Wing Time % Phy DF OF
1 Vladimir Sobotka Tanner Pearson Kyle Palmieri 40 1 2 2
2 Anders Lee Matt Kassian Bryan Rust 30 1 2 2
3 Victor Rask Matthew Nieto Tyler Shattock 20 1 2 2
4 Philip Varone Ryan Spooner Oliver Bjorkstrand 10 1 2 2
5 vs 5 Defense
Defense Defense Time % Phy DF OF
1 Colby Robak David Savard 40 1 2 2
2 Mathieu Brodeur Christian Folin 30 1 2 2
3 Esa Lindell Greg Pateryn 20 1 2 2
4 Mathieu Brodeur David Savard 10 1 2 2
PowerPlay Forward
Center Left Wing Right Wing Time % Phy DF OF
1 Anders Lee Tanner Pearson Kyle Palmieri 60 1 2 2
2 Victor Rask Matthew Nieto Bryan Rust 40 1 2 2
PowerPlay Defense
Defense Defense Time % Phy DF OF
1 Esa Lindell Christian Folin 60 1 2 2
2 Colby Robak Greg Pateryn 40 1 2 2
Penalty Kill 4 Players Forward
Center Wing Time % Phy DF OF
1 Vladimir Sobotka Bryan Rust 60 1 2 2
2 Philip Varone Matt Kassian 40 1 2 2
Penalty Kill 4 Players Defense
Defense Defense Time % Phy DF OF
1 Colby Robak David Savard 60 1 2 2
2 Mathieu Brodeur Greg Pateryn 40 1 2 2
Penalty Kill - 3 Players Forward
Forward Time % Phy DF OF
1 Vladimir Sobotka 60 1 2 2
2 Bryan Rust 40 1 2 2
Penalty Kill - 3 Players Defense
Defense Defense Time % Phy DF OF
1 Greg Pateryn David Savard 60 1 2 2
2 Mathieu Brodeur Greg Pateryn 40 1 2 2
4 vs 4 Forward
Center Wing Time % Phy DF OF
1 Vladimir Sobotka Tanner Pearson 60 1 2 2
2 Anders Lee Kyle Palmieri 40 1 2 2
4 vs 4 Defense
Defense Defense Time % Phy DF OF
1 Colby Robak David Savard 60 1 2 2
2 Mathieu Brodeur Christian Folin 40 1 2 2
Last Minutes Offensive
Center Left Wing Right Wing Defense Defense
Anders Lee Tanner Pearson Kyle Palmieri Colby Robak David Savard
Last Minutes Defensive
Center Left Wing Right Wing Defense Defense
Vladimir Sobotka Matt Kassian Bryan Rust Colby Robak David Savard
Goaltenders
Starting : Christopher Gibson
Backup : Michael Hutchinson
Extra Forwards
Normal : Anders Lee, Kyle Palmieri, Bryan Rust - PP : Tanner Pearson, Bryan Rust - PK : Matt Kassian
Extra Defensemen
Normal : Christian Folin, Greg Pateryn, Mathieu Brodeur - PP : Greg Pateryn - PK : Mathieu Brodeur, Greg Pateryn
Penalty Shots
Anders Lee, Tanner Pearson, Oliver Bjorkstrand, Victor Rask, Kyle Palmieri
Scratches
Chris Brown (Healthy), Frank Corrado (Healthy), Joakim Nordstrom (Healthy), Trevor Carrick (Healthy), Petteri Lindbohm (Healthy)
Daniil Tarasov (Healthy), Peter Cehlarik (Healthy), John Gilmour (Healthy), Branden Troock (Healthy), Simon Danis-Pepin (Healthy)
Luca Sbisa (Healthy), Nathan Lieuwen (Healthy)
Mustangs
5 vs 5 Forward
Center Left Wing Right Wing Time % Phy DF OF
1 Andreas Athanasiou Tomas Tatar Andrew Shaw 40 1 2 2
2 Jim O'Brien Joshua Leivo Jerome Samson 30 1 2 2
3 Nicolas Petan JT Compher Francis Paré 20 1 2 2
4 Michael McCarron Curtis Hamilton Kurtis Gabriel 10 1 2 2
5 vs 5 Defense
Defense Defense Time % Phy DF OF
1 Derek Joslin Mark Pysyk 44 1 2 2
2 Alexei Marchenko Scott Mayfield 33 1 2 2
3 Ben Harpur Eric Knodel 23 1 2 2
4 Derek Joslin Mark Pysyk 0 1 2 2
PowerPlay Forward
Center Left Wing Right Wing Time % Phy DF OF
1 Andreas Athanasiou Tomas Tatar Andrew Shaw 60 1 2 2
2 Jim O'Brien Joshua Leivo Jerome Samson 40 1 2 2
PowerPlay Defense
Defense Defense Time % Phy DF OF
1 Derek Joslin Mark Pysyk 60 1 2 2
2 Alexei Marchenko Scott Mayfield 40 1 2 2
Penalty Kill 4 Players Forward
Center Wing Time % Phy DF OF
1 Jim O'Brien Tomas Tatar 60 1 2 2
2 Andreas Athanasiou Andrew Shaw 40 1 2 2
Penalty Kill 4 Players Defense
Defense Defense Time % Phy DF OF
1 Derek Joslin Mark Pysyk 60 1 2 2
2 Alexei Marchenko Scott Mayfield 40 1 2 2
Penalty Kill - 3 Players Forward
Forward Time % Phy DF OF
1 Jim O'Brien 60 1 2 2
2 Tomas Tatar 40 1 2 2
Penalty Kill - 3 Players Defense
Defense Defense Time % Phy DF OF
1 Derek Joslin Mark Pysyk 60 1 2 2
2 Alexei Marchenko Scott Mayfield 40 1 2 2
4 vs 4 Forward
Center Wing Time % Phy DF OF
1 Andreas Athanasiou Tomas Tatar 60 1 2 2
2 Jim O'Brien Andrew Shaw 40 1 2 2
4 vs 4 Defense
Defense Defense Time % Phy DF OF
1 Derek Joslin Mark Pysyk 60 1 2 2
2 Alexei Marchenko Scott Mayfield 40 1 2 2
Last Minutes Offensive
Center Left Wing Right Wing Defense Defense
Andreas Athanasiou Tomas Tatar Andrew Shaw Derek Joslin Mark Pysyk
Last Minutes Defensive
Center Left Wing Right Wing Defense Defense
Jim O'Brien Tomas Tatar Andrew Shaw Derek Joslin Mark Pysyk
Goaltenders
Starting : Chet Pickard
Backup : Eric Comrie
Extra Forwards
Normal : Andreas Athanasiou, Joshua Leivo, Andrew Shaw - PP : Tomas Tatar, Joshua Leivo - PK : Jim O'Brien
Extra Defensemen
Normal : Derek Joslin, Alexei Marchenko, Ben Harpur - PP : Derek Joslin - PK : Derek Joslin, Alexei Marchenko
Penalty Shots
Andreas Athanasiou, Joshua Leivo, JT Compher, Tomas Tatar, Jerome Samson
Scratches
Ryan Graves (Healthy), Matthew Finn (Healthy), Danny Biega (Healthy), Raphael Bussieres (Healthy), Dakota Mermis (Healthy)
Sam Kurker (Healthy), Max Gortz (Healthy), Riley Nash (Healthy), Joacim Eriksson (Healthy)
% Time on Ice - Inferno
Lines # - Real PCT - Wanted PCT - Time Play
Normal Forward
1 - 35% - 40% - 16:51
2 - 27% - 30% - 13:09
3 - 23% - 20% - 11:01
4 - 15% - 10% - 6:59
Normal Defense
1 - 40% - 40% - 19:02
2 - 28% - 30% - 13:34
3 - 24% - 20% - 11:41
4 - 8% - 10% - 3:43
PP Forward
1 - 47% - 60% - 2:36
2 - 53% - 40% - 2:56
PP Defense
1 - 53% - 60% - 2:56
2 - 47% - 40% - 2:36
PK Forward
1 - 78% - 60% - 4:06
2 - 22% - 40% - 1:09
PK Defense
1 - 70% - 60% - 3:42
2 - 30% - 40% - 1:33
PK3 Forward
1 - 0% - 60%
2 - 0% - 40%
PK3 Defense
1 - 0% - 60%
2 - 0% - 40%
44 Forward
1 - 0% - 60%
2 - 0% - 40%
44 Defense
1 - 0% - 60%
2 - 0% - 40%
Last Minute Offensive - 0:00
Last Minute Defensive - 1:13
Total
Forward - 60:00
Defense - 60:00
|
% Time on Ice - Mustangs
Lines # - Real PCT - Wanted PCT - Time Play
Normal Forward
1 - 31% - 40% - 14:42
2 - 28% - 30% - 13:22
3 - 26% - 20% - 12:26
4 - 16% - 10% - 7:29
Normal Defense
1 - 51% - 44% - 24:32
2 - 27% - 33% - 13:02
3 - 22% - 23% - 10:25
4 - 0% - 0% - 0:00
PP Forward
1 - 62% - 60% - 3:14
2 - 38% - 40% - 2:01
PP Defense
1 - 83% - 60% - 4:20
2 - 17% - 40% - 0:55
PK Forward
1 - 77% - 60% - 4:14
2 - 23% - 40% - 1:18
PK Defense
1 - 70% - 60% - 3:53
2 - 30% - 40% - 1:39
PK3 Forward
1 - 0% - 60%
2 - 0% - 40%
PK3 Defense
1 - 0% - 60%
2 - 0% - 40%
44 Forward
1 - 0% - 60%
2 - 0% - 40%
44 Defense
1 - 0% - 60%
2 - 0% - 40%
Last Minute Offensive - 1:14
Last Minute Defensive - 0:00
Total
Forward - 60:00
Defense - 60:00
|
Play by Play
1st period
0:01 of 1st period - Tanner Pearson wins face-off versus Andreas Athanasiou in neutral zone.
0:13 of 1st period - Minor Penalty to Andreas Athanasiou for Roughing.
0:14 of 1st period - Anders Lee wins face-off versus Jim O'Brien in Mustangs zone.
2:13 of 1st period - Penalty to Andreas Athanasiou is over, Andreas Athanasiou is back on ice.
2:59 of 1st period - Icing by JT Compher.
3:00 of 1st period - Vladimir Sobotka wins face-off versus Nicolas Petan in Mustangs zone.
3:37 of 1st period - Slapshot by Alexei Marchenko.
3:37 of 1st period - Shot Misses the Net.
4:38 of 1st period - Wrist shot by Colby Robak.
4:38 of 1st period - Deflect By Oliver Bjorkstrand.
4:38 of 1st period - Goal by Oliver Bjorkstrand - Inferno : 1 - Mustangs : 0.
4:39 of 1st period - Andreas Athanasiou wins face-off versus Vladimir Sobotka in neutral zone.
4:44 of 1st period - Snap shot by Tomas Tatar.
4:44 of 1st period - Shot Misses the Net.
5:23 of 1st period - Icing by Joshua Leivo.
5:24 of 1st period - Victor Rask wins face-off versus Nicolas Petan in Mustangs zone.
5:39 of 1st period - Wrist shot by Victor Rask.
5:39 of 1st period - Stopped by Chet Pickard without a rebound.
5:40 of 1st period - Andreas Athanasiou wins face-off versus Vladimir Sobotka in Mustangs zone.
5:45 of 1st period - Kyle Palmieri is hit by Alexei Marchenko and loses puck.
6:12 of 1st period - Slapshot by Anders Lee.
6:12 of 1st period - Stopped by Chet Pickard without a rebound.
6:13 of 1st period - Jim O'Brien wins face-off versus Bryan Rust in Mustangs zone.
6:46 of 1st period - Wrist shot by Andrew Shaw.
6:46 of 1st period - Shot Misses the Net.
6:48 of 1st period - Slapshot by Derek Joslin.
6:48 of 1st period - Stopped by Christopher Gibson with a rebound.
7:29 of 1st period - Matthew Nieto is hit by JT Compher.
7:33 of 1st period - Nicolas Petan is hit by Victor Rask.
7:51 of 1st period - Snap shot by Bryan Rust.
7:51 of 1st period - Shot Blocked by Andreas Athanasiou.
7:53 of 1st period - Snap shot by Bryan Rust.
7:53 of 1st period - Shot Misses the Net.
8:15 of 1st period - Wrist shot by Philip Varone.
8:15 of 1st period - Stopped by Chet Pickard with a rebound.
8:54 of 1st period - Wrist shot by Francis Paré.
8:54 of 1st period - Shot Blocked by Ryan Spooner.
9:04 of 1st period - Backhand shot by Andrew Shaw.
9:04 of 1st period - Shot Misses the Net.
9:06 of 1st period - Backhand shot by Andrew Shaw.
9:06 of 1st period - Stopped by Christopher Gibson with a rebound.
9:08 of 1st period - Snap shot by Mark Pysyk.
9:08 of 1st period - Stopped by Christopher Gibson with a rebound.
9:10 of 1st period - Slapshot by Derek Joslin.
9:10 of 1st period - Stopped by Christopher Gibson without a rebound.
9:11 of 1st period - Andreas Athanasiou wins face-off versus Kyle Palmieri in Inferno zone.
9:22 of 1st period - Snap shot by Kyle Palmieri.
9:22 of 1st period - Shot Misses the Net.
9:24 of 1st period - Wrist shot by Kyle Palmieri.
9:24 of 1st period - Stopped by Chet Pickard without a rebound.
9:25 of 1st period - Andreas Athanasiou wins face-off versus Anders Lee in Mustangs zone.
9:34 of 1st period - Slapshot by Andrew Shaw.
9:34 of 1st period - Shot Misses the Net.
9:36 of 1st period - Snap shot by Andrew Shaw.
9:36 of 1st period - Shot Blocked by Bryan Rust.
10:00 of 1st period - Snap shot by Bryan Rust.
10:00 of 1st period - Goal by Bryan Rust - Inferno : 2 - Mustangs : 0.
10:01 of 1st period - Tanner Pearson wins face-off versus Andreas Athanasiou in neutral zone.
10:10 of 1st period - Slapshot by Tomas Tatar.
10:10 of 1st period - Shot Blocked by Kyle Palmieri.
10:34 of 1st period - Wrist shot by Francis Paré.
10:34 of 1st period - Shot Misses the Net.
10:36 of 1st period - Snap shot by Nicolas Petan.
10:36 of 1st period - Shot Misses the Net.
10:38 of 1st period - Snap shot by Nicolas Petan.
10:38 of 1st period - Shot Misses the Net.
11:12 of 1st period - Slapshot by Andrew Shaw.
11:12 of 1st period - Stopped by Christopher Gibson with a rebound.
11:14 of 1st period - Slapshot by Alexei Marchenko.
11:14 of 1st period - Deflect By Christian Folin.
11:14 of 1st period - Stopped by Christopher Gibson without a rebound.
11:15 of 1st period - Matthew Nieto wins face-off versus Andreas Athanasiou in Inferno zone.
11:30 of 1st period - Wrist shot by Matthew Nieto.
11:30 of 1st period - Shot Misses the Net.
12:31 of 1st period - Wrist shot by Kyle Palmieri.
12:31 of 1st period - Stopped by Chet Pickard without a rebound.
12:32 of 1st period - Anders Lee wins face-off versus Andreas Athanasiou in Mustangs zone.
13:24 of 1st period - Slapshot by Colby Robak.
13:24 of 1st period - Stopped by Chet Pickard with a rebound.
13:36 of 1st period - Snap shot by Curtis Hamilton.
13:36 of 1st period - Stopped by Christopher Gibson with a rebound.
13:38 of 1st period - Wrist shot by Nicolas Petan.
13:38 of 1st period - Shot Misses the Net.
13:40 of 1st period - Wrist shot by Alexei Marchenko.
13:40 of 1st period - Shot Blocked by Vladimir Sobotka.
13:42 of 1st period - Backhand shot by Alexei Marchenko.
13:42 of 1st period - Deflect By Francis Paré.
13:42 of 1st period - Shot Misses the Net.
13:42 of 1st period - Puck is out of play.
13:43 of 1st period - Andreas Athanasiou wins face-off versus Anders Lee in Inferno zone.
13:52 of 1st period - Slapshot by Andrew Shaw.
13:52 of 1st period - Shot Misses the Net.
13:57 of 1st period - Icing by Bryan Rust.
13:58 of 1st period - Jim O'Brien wins face-off versus Anders Lee in Inferno zone.
14:00 of 1st period - Minor Penalty to Jerome Samson for Hooking.
14:01 of 1st period - Jim O'Brien wins face-off versus Anders Lee in Mustangs zone.
14:11 of 1st period - Snap shot by Kyle Palmieri.
14:11 of 1st period - Deflect By Tanner Pearson.
14:11 of 1st period - Shot Blocked by Mark Pysyk.
14:11 of 1st period - Puck is out of play.
14:12 of 1st period - Anders Lee wins face-off versus Jim O'Brien in Mustangs zone.
14:27 of 1st period - Snap shot by Tomas Tatar.
14:27 of 1st period - Shot Blocked by Kyle Palmieri.
15:02 of 1st period - Alexei Marchenko is hit by Anders Lee and loses puck.
16:00 of 1st period - Penalty to Jerome Samson is over, Jerome Samson is back on ice.
17:47 of 1st period - Slapshot by Francis Paré.
17:47 of 1st period - Stopped by Christopher Gibson without a rebound.
17:48 of 1st period - Nicolas Petan wins face-off versus Philip Varone in Inferno zone.
18:11 of 1st period - Alexei Marchenko is hit by David Savard and loses puck.
18:18 of 1st period - Snap shot by Kurtis Gabriel.
18:18 of 1st period - Shot Misses the Net.
18:20 of 1st period - Slapshot by Ben Harpur.
18:20 of 1st period - Stopped by Christopher Gibson without a rebound.
18:21 of 1st period - Jim O'Brien wins face-off versus Vladimir Sobotka in Inferno zone.
18:27 of 1st period - Wrist shot by Joshua Leivo.
18:27 of 1st period - Shot Misses the Net.
18:29 of 1st period - Wrist shot by Jim O'Brien.
18:29 of 1st period - Stopped by Christopher Gibson with a rebound.
18:31 of 1st period - Snap shot by Joshua Leivo.
18:31 of 1st period - Shot Misses the Net.
18:33 of 1st period - Wrist shot by Jerome Samson.
18:33 of 1st period - Deflect By Jim O'Brien.
18:33 of 1st period - Stopped by Christopher Gibson without a rebound.
18:34 of 1st period - Jim O'Brien wins face-off versus Kyle Palmieri in Inferno zone.
18:41 of 1st period - Wrist shot by Jim O'Brien.
18:41 of 1st period - Shot Misses the Net.
18:49 of 1st period - Snap shot by Kyle Palmieri.
18:49 of 1st period - Shot Misses the Net.
19:22 of 1st period - Colby Robak is hit by Andreas Athanasiou and loses puck.
Goals for this period are 2 for Inferno vs 0 for Mustangs.
Shots for this period are 8 for Inferno vs 11 for Mustangs.
0:00 of 2nd period - Minor Penalty to Greg Pateryn for High sticking.
2nd period
0:01 of 2nd period - Andreas Athanasiou wins face-off versus Vladimir Sobotka in neutral zone.
0:04 of 2nd period - Slapshot by Derek Joslin.
0:04 of 2nd period - Shot Misses the Net.
0:16 of 2nd period - Snap shot by Mark Pysyk.
0:16 of 2nd period - Shot Blocked by Bryan Rust.
1:22 of 2nd period - Mark Pysyk is hit by Matthew Nieto and loses puck.
1:23 of 2nd period - Mark Pysyk from Mustangs is injured at 1:23 of 2nd period (Right Hand).
1:24 of 2nd period - Vladimir Sobotka wins face-off versus Andreas Athanasiou in Mustangs zone.
2:00 of 2nd period - Penalty to Greg Pateryn is over, Greg Pateryn is back on ice.
2:35 of 2nd period - Philip Varone is hit by Jerome Samson and loses puck.
3:20 of 2nd period - Wrist shot by David Savard.
3:20 of 2nd period - Shot Blocked by Derek Joslin.
3:56 of 2nd period - Snap shot by Kyle Palmieri.
3:56 of 2nd period - Stopped by Chet Pickard with a rebound.
3:58 of 2nd period - Wrist shot by Tanner Pearson.
3:58 of 2nd period - Stopped by Chet Pickard without a rebound.
3:59 of 2nd period - Vladimir Sobotka wins face-off versus Jim O'Brien in Mustangs zone.
4:21 of 2nd period - Wrist shot by Kyle Palmieri.
4:21 of 2nd period - Shot Misses the Net.
4:25 of 2nd period - Slapshot by Kyle Palmieri.
4:25 of 2nd period - Stopped by Chet Pickard with a rebound.
4:27 of 2nd period - Slapshot by Mathieu Brodeur.
4:27 of 2nd period - Stopped by Chet Pickard with a rebound.
4:29 of 2nd period - Slapshot by Kyle Palmieri.
4:29 of 2nd period - Goal by Kyle Palmieri - Inferno : 3 - Mustangs : 0.
4:30 of 2nd period - Matt Kassian wins face-off versus Andreas Athanasiou in neutral zone.
4:35 of 2nd period - Slapshot by David Savard.
4:35 of 2nd period - Stopped by Chet Pickard with a rebound.
4:37 of 2nd period - Snap shot by Colby Robak.
4:37 of 2nd period - Deflect By Andrew Shaw.
4:37 of 2nd period - Stopped by Chet Pickard with a rebound.
4:39 of 2nd period - Slapshot by Matt Kassian.
4:39 of 2nd period - Goal by Matt Kassian - Inferno : 4 - Mustangs : 0.
4:39 of 2nd period - Eric Comrie enters game.
4:40 of 2nd period - Andreas Athanasiou wins face-off versus Vladimir Sobotka in neutral zone.
4:42 of 2nd period - Minor Penalty to Tomas Tatar for Holding.
4:43 of 2nd period - Anders Lee wins face-off versus Jim O'Brien in Mustangs zone.
4:45 of 2nd period - Slapshot by Anders Lee.
4:45 of 2nd period - Shot Misses the Net.
4:47 of 2nd period - Wrist shot by Tanner Pearson.
4:47 of 2nd period - Stopped by Eric Comrie without a rebound.
4:48 of 2nd period - Jim O'Brien wins face-off versus Anders Lee in Mustangs zone.
4:48 of 2nd period - Jim O'Brien is hit by Kyle Palmieri.
5:16 of 2nd period - Slapshot by Esa Lindell.
5:16 of 2nd period - Stopped by Eric Comrie without a rebound.
5:17 of 2nd period - Jim O'Brien wins face-off versus Victor Rask in Mustangs zone.
5:17 of 2nd period - Jim O'Brien is hit by Greg Pateryn.
5:33 of 2nd period - Slapshot by Victor Rask.
5:33 of 2nd period - Stopped by Eric Comrie with a rebound.
5:50 of 2nd period - Snap shot by Andreas Athanasiou.
5:50 of 2nd period - Shot Misses the Net.
6:08 of 2nd period - Slapshot by Matthew Nieto.
6:08 of 2nd period - Shot Blocked by Alexei Marchenko.
6:10 of 2nd period - Slapshot by Greg Pateryn.
6:10 of 2nd period - Shot Blocked by Derek Joslin.
6:12 of 2nd period - Slapshot by Colby Robak.
6:12 of 2nd period - Stopped by Eric Comrie with a rebound.
6:14 of 2nd period - Slapshot by Colby Robak.
6:14 of 2nd period - Stopped by Eric Comrie with a rebound.
6:16 of 2nd period - Backhand shot by Colby Robak.
6:16 of 2nd period - Goal by Colby Robak - Inferno : 5 - Mustangs : 0.
6:17 of 2nd period - Andreas Athanasiou wins face-off versus Tanner Pearson in neutral zone.
6:24 of 2nd period - Snap shot by Tomas Tatar.
6:24 of 2nd period - Deflect By Andrew Shaw.
6:24 of 2nd period - Stopped by Christopher Gibson with a rebound.
6:28 of 2nd period - Snap shot by Tomas Tatar.
6:28 of 2nd period - Shot Blocked by Mathieu Brodeur.
6:30 of 2nd period - Snap shot by Tomas Tatar.
6:30 of 2nd period - Shot Misses the Net.
7:11 of 2nd period - Off-side.
7:12 of 2nd period - Anders Lee wins face-off versus Andreas Athanasiou in neutral zone.
7:19 of 2nd period - Snap shot by Anders Lee.
7:19 of 2nd period - Shot Misses the Net.
7:43 of 2nd period - Jerome Samson is hit by David Savard.
7:49 of 2nd period - Snap shot by Tanner Pearson.
7:49 of 2nd period - Stopped by Eric Comrie with a rebound.
7:51 of 2nd period - Slapshot by Colby Robak.
7:51 of 2nd period - Deflect By Alexei Marchenko.
7:51 of 2nd period - Stopped by Eric Comrie without a rebound.
7:52 of 2nd period - Victor Rask wins face-off versus Andreas Athanasiou in Mustangs zone.
8:14 of 2nd period - Icing by Victor Rask.
8:15 of 2nd period - Vladimir Sobotka wins face-off versus Jim O'Brien in Inferno zone.
8:22 of 2nd period - Slapshot by Colby Robak.
8:22 of 2nd period - Stopped by Eric Comrie with a rebound.
8:24 of 2nd period - Slapshot by David Savard.
8:24 of 2nd period - Shot Misses the Net.
8:26 of 2nd period - Snap shot by Kyle Palmieri.
8:26 of 2nd period - Shot Misses the Net.
8:28 of 2nd period - Snap shot by Vladimir Sobotka.
8:28 of 2nd period - Stopped by Eric Comrie with a rebound.
9:06 of 2nd period - Nicolas Petan is hit by Matthew Nieto.
9:48 of 2nd period - Derek Joslin is hit by Philip Varone and loses puck.
10:27 of 2nd period - Wrist shot by JT Compher.
10:27 of 2nd period - Deflect By Nicolas Petan.
10:27 of 2nd period - Stopped by Christopher Gibson with a rebound.
10:29 of 2nd period - Minor Penalty to Mathieu Brodeur for Slashing.
10:30 of 2nd period - Andreas Athanasiou wins face-off versus Vladimir Sobotka in Inferno zone.
10:45 of 2nd period - Slapshot by Tomas Tatar.
10:45 of 2nd period - Goal by Tomas Tatar - Inferno : 5 - Mustangs : 1.
10:46 of 2nd period - Andreas Athanasiou wins face-off versus Vladimir Sobotka in neutral zone.
10:55 of 2nd period - Slapshot by Colby Robak.
10:55 of 2nd period - Shot Misses the Net.
10:57 of 2nd period - Slapshot by Colby Robak.
10:57 of 2nd period - Deflect By Tanner Pearson.
10:57 of 2nd period - Shot Misses the Net.
10:57 of 2nd period - Puck is out of play.
10:58 of 2nd period - Andreas Athanasiou wins face-off versus Vladimir Sobotka in Mustangs zone.
10:58 of 2nd period - Andreas Athanasiou is hit by David Savard.
11:51 of 2nd period - Slapshot by Derek Joslin.
11:51 of 2nd period - Goal by Derek Joslin - Inferno : 5 - Mustangs : 2.
11:52 of 2nd period - Vladimir Sobotka wins face-off versus Andreas Athanasiou in neutral zone.
11:54 of 2nd period - Minor Penalty to Kyle Palmieri for High sticking.
11:55 of 2nd period - Vladimir Sobotka wins face-off versus Andreas Athanasiou in Inferno zone.
12:09 of 2nd period - Snap shot by Vladimir Sobotka.
12:09 of 2nd period - Shot Misses the Net.
12:11 of 2nd period - Slapshot by David Savard.
12:11 of 2nd period - Deflect By Vladimir Sobotka.
12:11 of 2nd period - Stopped by Eric Comrie with a rebound.
12:27 of 2nd period - Snap shot by Derek Joslin.
12:27 of 2nd period - Stopped by Christopher Gibson with a rebound.
12:29 of 2nd period - Slapshot by Joshua Leivo.
12:29 of 2nd period - Goal by Joshua Leivo - Inferno : 5 - Mustangs : 3.
12:30 of 2nd period - Andreas Athanasiou wins face-off versus Kyle Palmieri in neutral zone.
12:34 of 2nd period - Minor Penalty to Kyle Palmieri for Hooking.
12:35 of 2nd period - Vladimir Sobotka wins face-off versus Andreas Athanasiou in Inferno zone.
12:45 of 2nd period - Snap shot by Andrew Shaw.
12:45 of 2nd period - Stopped by Christopher Gibson without a rebound.
12:46 of 2nd period - Vladimir Sobotka wins face-off versus Andreas Athanasiou in Inferno zone.
12:59 of 2nd period - Backhand shot by Tomas Tatar.
12:59 of 2nd period - Goal by Tomas Tatar - Inferno : 5 - Mustangs : 4.
13:00 of 2nd period - Andreas Athanasiou wins face-off versus Vladimir Sobotka in neutral zone.
13:25 of 2nd period - Jim O'Brien is hit by Matt Kassian and loses puck.
13:48 of 2nd period - Slapshot by Derek Joslin.
13:48 of 2nd period - Stopped by Christopher Gibson without a rebound.
13:49 of 2nd period - Nicolas Petan wins face-off versus Victor Rask in Inferno zone.
13:50 of 2nd period - Wrist shot by JT Compher.
13:50 of 2nd period - Shot Misses the Net.
14:14 of 2nd period - Snap shot by Francis Paré.
14:14 of 2nd period - Stopped by Christopher Gibson with a rebound.
14:22 of 2nd period - Snap shot by Nicolas Petan.
14:22 of 2nd period - Stopped by Christopher Gibson with a rebound.
14:44 of 2nd period - Slapshot by Derek Joslin.
14:44 of 2nd period - Shot Blocked by Kyle Palmieri.
14:46 of 2nd period - Slapshot by Derek Joslin.
14:46 of 2nd period - Shot Blocked by Mathieu Brodeur.
14:48 of 2nd period - Slapshot by Francis Paré.
14:48 of 2nd period - Shot Misses the Net.
14:50 of 2nd period - Slapshot by Derek Joslin.
14:50 of 2nd period - Deflect By Francis Paré.
14:50 of 2nd period - Stopped by Christopher Gibson without a rebound.
14:51 of 2nd period - Andreas Athanasiou wins face-off versus Anders Lee in Inferno zone.
14:52 of 2nd period - Slapshot by Tomas Tatar.
14:52 of 2nd period - Deflect By Colby Robak.
14:52 of 2nd period - Shot Blocked by Anders Lee.
14:52 of 2nd period - Puck is out of play.
14:53 of 2nd period - Anders Lee wins face-off versus Andrew Shaw in Inferno zone.
14:53 of 2nd period - Anders Lee is hit by Andrew Shaw.
14:56 of 2nd period - Minor Penalty to Colby Robak for Roughing.
14:57 of 2nd period - Vladimir Sobotka wins face-off versus Andreas Athanasiou in Inferno zone.
15:19 of 2nd period - David Savard is hit by Derek Joslin and loses puck.
16:25 of 2nd period - Mathieu Brodeur is hit by Tomas Tatar and loses puck.
16:40 of 2nd period - Mathieu Brodeur is hit by Jerome Samson and loses puck.
16:56 of 2nd period - Penalty to Colby Robak is over, Colby Robak is back on ice.
17:11 of 2nd period - Slapshot by Colby Robak.
17:11 of 2nd period - Stopped by Eric Comrie with a rebound.
17:13 of 2nd period - Slapshot by Colby Robak.
17:13 of 2nd period - Stopped by Eric Comrie with a rebound.
18:09 of 2nd period - Jerome Samson is hit by Tanner Pearson.
18:35 of 2nd period - Icing by Bryan Rust.
18:36 of 2nd period - Nicolas Petan wins face-off versus Anders Lee in Inferno zone.
18:37 of 2nd period - Snap shot by Francis Paré.
18:37 of 2nd period - Shot Misses the Net.
18:43 of 2nd period - Esa Lindell is hit by Ben Harpur.
18:50 of 2nd period - Icing by Derek Joslin.
18:51 of 2nd period - Nicolas Petan wins face-off versus Vladimir Sobotka in Mustangs zone.
19:07 of 2nd period - Snap shot by Francis Paré.
19:07 of 2nd period - Shot Misses the Net.
19:09 of 2nd period - Snap shot by Nicolas Petan.
19:09 of 2nd period - Shot Misses the Net.
19:11 of 2nd period - Wrist shot by JT Compher.
19:11 of 2nd period - Shot Blocked by Kyle Palmieri.
19:15 of 2nd period - Snap shot by JT Compher.
19:15 of 2nd period - Shot Blocked by David Savard.
19:17 of 2nd period - Slapshot by Derek Joslin.
19:17 of 2nd period - Shot Misses the Net.
19:19 of 2nd period - Slapshot by JT Compher.
19:19 of 2nd period - Stopped by Christopher Gibson with a rebound.
19:21 of 2nd period - Slapshot by Derek Joslin.
19:21 of 2nd period - Shot Misses the Net.
19:39 of 2nd period - Slapshot by Kyle Palmieri.
19:39 of 2nd period - Shot Blocked by Ben Harpur.
19:49 of 2nd period - Snap shot by Nicolas Petan.
19:49 of 2nd period - Shot Blocked by David Savard.
19:51 of 2nd period - Slapshot by Ben Harpur.
19:51 of 2nd period - Shot Blocked by David Savard.
19:53 of 2nd period - Wrist shot by Nicolas Petan.
19:53 of 2nd period - Stopped by Christopher Gibson with a rebound.
Goals for this period are 3 for Inferno vs 4 for Mustangs.
Shots for this period are 21 for Inferno vs 14 for Mustangs.
3rd period
0:01 of 3rd period - Vladimir Sobotka wins face-off versus Andreas Athanasiou in neutral zone.
0:31 of 3rd period - Slapshot by Matt Kassian.
0:31 of 3rd period - Stopped by Eric Comrie with a rebound.
0:33 of 3rd period - Slapshot by Colby Robak.
0:33 of 3rd period - Shot Blocked by Ben Harpur.
0:35 of 3rd period - Slapshot by Colby Robak.
0:35 of 3rd period - Shot Misses the Net.
1:09 of 3rd period - Kurtis Gabriel is hit by Philip Varone.
1:15 of 3rd period - Slapshot by Esa Lindell.
1:15 of 3rd period - Shot Blocked by Derek Joslin.
1:39 of 3rd period - Snap shot by Tomas Tatar.
1:39 of 3rd period - Shot Misses the Net.
1:41 of 3rd period - Slapshot by Derek Joslin.
1:41 of 3rd period - Shot Blocked by Tanner Pearson.
2:34 of 3rd period - Wrist shot by Tomas Tatar.
2:34 of 3rd period - Stopped by Christopher Gibson without a rebound.
2:35 of 3rd period - Philip Varone wins face-off versus Andreas Athanasiou in Inferno zone.
2:50 of 3rd period - Snap shot by Philip Varone.
2:50 of 3rd period - Stopped by Eric Comrie with a rebound.
3:30 of 3rd period - Michael McCarron is hit by Colby Robak and loses puck.
3:45 of 3rd period - Ben Harpur is hit by Tyler Shattock and loses puck.
4:07 of 3rd period - Philip Varone is hit by Andrew Shaw and loses puck.
5:46 of 3rd period - Snap shot by Victor Rask.
5:46 of 3rd period - Shot Misses the Net.
6:15 of 3rd period - Wrist shot by Jerome Samson.
6:15 of 3rd period - Shot Blocked by Matthew Nieto.
6:17 of 3rd period - Wrist shot by Joshua Leivo.
6:17 of 3rd period - Shot Misses the Net.
6:19 of 3rd period - Slapshot by Ben Harpur.
6:19 of 3rd period - Shot Blocked by Greg Pateryn.
6:21 of 3rd period - Slapshot by Joshua Leivo.
6:21 of 3rd period - Stopped by Christopher Gibson without a rebound.
6:22 of 3rd period - Vladimir Sobotka wins face-off versus Andreas Athanasiou in Inferno zone.
6:27 of 3rd period - David Savard is hit by Andreas Athanasiou and loses puck.
7:09 of 3rd period - Slapshot by Christian Folin.
7:09 of 3rd period - Stopped by Eric Comrie with a rebound.
7:11 of 3rd period - Wrist shot by Christian Folin.
7:11 of 3rd period - Stopped by Eric Comrie with a rebound.
7:13 of 3rd period - Snap shot by Mathieu Brodeur.
7:13 of 3rd period - Stopped by Eric Comrie with a rebound.
7:30 of 3rd period - Wrist shot by Tanner Pearson.
7:30 of 3rd period - Stopped by Eric Comrie without a rebound.
7:31 of 3rd period - Tanner Pearson wins face-off versus Andreas Athanasiou in Mustangs zone.
8:27 of 3rd period - Wrist shot by JT Compher.
8:27 of 3rd period - Stopped by Christopher Gibson with a rebound.
8:29 of 3rd period - Slapshot by Alexei Marchenko.
8:29 of 3rd period - Deflect By Christian Folin.
8:29 of 3rd period - Stopped by Christopher Gibson without a rebound.
8:30 of 3rd period - Andreas Athanasiou wins face-off versus Vladimir Sobotka in Inferno zone.
8:59 of 3rd period - Wrist shot by Matt Kassian.
8:59 of 3rd period - Shot Blocked by Eric Knodel.
9:01 of 3rd period - Snap shot by Matt Kassian.
9:01 of 3rd period - Shot Misses the Net.
9:03 of 3rd period - Snap shot by Matt Kassian.
9:03 of 3rd period - Shot Misses the Net.
9:05 of 3rd period - Slapshot by Bryan Rust.
9:05 of 3rd period - Shot Misses the Net.
9:17 of 3rd period - Wrist shot by Esa Lindell.
9:17 of 3rd period - Stopped by Eric Comrie with a rebound.
9:48 of 3rd period - Icing by Ryan Spooner.
9:49 of 3rd period - Andreas Athanasiou wins face-off versus Philip Varone in Inferno zone.
9:52 of 3rd period - Wrist shot by Tomas Tatar.
9:52 of 3rd period - Stopped by Christopher Gibson without a rebound.
9:53 of 3rd period - Kyle Palmieri wins face-off versus Andreas Athanasiou in Inferno zone.
10:00 of 3rd period - Wrist shot by Kyle Palmieri.
10:00 of 3rd period - Shot Blocked by Andreas Athanasiou.
11:01 of 3rd period - Backhand shot by Derek Joslin.
11:01 of 3rd period - Deflect By Kurtis Gabriel.
11:01 of 3rd period - Shot Misses the Net.
11:01 of 3rd period - Puck is out of play.
11:02 of 3rd period - Vladimir Sobotka wins face-off versus Michael McCarron in Inferno zone.
11:02 of 3rd period - Vladimir Sobotka is hit by Ben Harpur.
11:12 of 3rd period - Wrist shot by Kyle Palmieri.
11:12 of 3rd period - Stopped by Eric Comrie without a rebound.
11:13 of 3rd period - Vladimir Sobotka wins face-off versus Andreas Athanasiou in Mustangs zone.
11:38 of 3rd period - Mathieu Brodeur is hit by Ben Harpur.
12:00 of 3rd period - Wrist shot by Bryan Rust.
12:00 of 3rd period - Shot Misses the Net.
12:49 of 3rd period - Snap shot by Matt Kassian.
12:49 of 3rd period - Stopped by Eric Comrie without a rebound.
12:50 of 3rd period - Andreas Athanasiou wins face-off versus Anders Lee in Mustangs zone.
13:19 of 3rd period - Snap shot by Kyle Palmieri.
13:19 of 3rd period - Shot Blocked by Derek Joslin.
13:47 of 3rd period - Icing by Colby Robak.
13:48 of 3rd period - Andreas Athanasiou wins face-off versus Victor Rask in Inferno zone.
14:41 of 3rd period - Nicolas Petan is hit by Greg Pateryn and loses puck.
14:48 of 3rd period - Snap shot by Matt Kassian.
14:48 of 3rd period - Shot Blocked by Derek Joslin.
14:50 of 3rd period - Slapshot by David Savard.
14:50 of 3rd period - Stopped by Eric Comrie without a rebound.
14:51 of 3rd period - Andreas Athanasiou wins face-off versus Vladimir Sobotka in Mustangs zone.
16:00 of 3rd period - Tomas Tatar is hit by Philip Varone and loses puck.
16:05 of 3rd period - Wrist shot by Philip Varone.
16:05 of 3rd period - Shot Blocked by Alexei Marchenko.
16:07 of 3rd period - Snap shot by Philip Varone.
16:07 of 3rd period - Deflect By Tomas Tatar.
16:07 of 3rd period - Shot Blocked by Andrew Shaw.
16:07 of 3rd period - Puck is out of play.
16:08 of 3rd period - Jim O'Brien wins face-off versus Matthew Nieto in Mustangs zone.
16:19 of 3rd period - Wrist shot by Jim O'Brien.
16:19 of 3rd period - Deflect By Joshua Leivo.
16:19 of 3rd period - Shot Misses the Net.
16:19 of 3rd period - Puck is out of play.
16:20 of 3rd period - Vladimir Sobotka wins face-off versus Andreas Athanasiou in Inferno zone.
16:58 of 3rd period - Jerome Samson is hit by Matthew Nieto and loses puck.
17:36 of 3rd period - Nicolas Petan is hit by Philip Varone and loses puck.
17:53 of 3rd period - Andreas Athanasiou is hit by David Savard and loses puck.
18:52 of 3rd period - Mustangs, Eric Comrie is pulled from the net.
19:18 of 3rd period - Snap shot by Tomas Tatar.
19:18 of 3rd period - Shot Misses the Net.
19:44 of 3rd period - Wrist shot by Tomas Tatar.
19:44 of 3rd period - Shot Misses the Net.
19:48 of 3rd period - Snap shot by Andrew Shaw.
19:48 of 3rd period - Shot Hit the Post.
19:50 of 3rd period - Snap shot by Andrew Shaw.
19:50 of 3rd period - Deflect By Andreas Athanasiou.
19:50 of 3rd period - Shot Misses the Net.
19:50 of 3rd period - Puck is out of play.
19:51 of 3rd period - Peter DeBoer call a timeout for Mustangs.
19:51 of 3rd period - Andreas Athanasiou wins face-off versus Vladimir Sobotka in Inferno zone.
19:58 of 3rd period - Backhand shot by Tomas Tatar.
19:58 of 3rd period - Shot Misses the Net.
Goals for this period are 0 for Inferno vs 0 for Mustangs.
Shots for this period are 10 for Inferno vs 5 for Mustangs.
Back to the Top